 Dungeon Crawl Stone Soup version 0.17-a0-119-g2b06fc5 (webtiles) character file.

15 Pikaro the Gusty (level 2, -3/15 HPs)
             Began as a Tengu Air Elementalist on Mar 21, 2015.
             Slain by a worm (12 damage)
             ... on level 2 of the Dungeon.
             The game lasted 00:01:26 (880 turns).

Pikaro the Gusty (Tengu Air Elementalist)            Turns: 880, Time: 00:01:26

Health: -3/15      AC:  4    Str:  8    XL:     2   Next: 50%
Magic:  0/5        EV: 12    Int: 15    God:
Gold:   53         SH:  0    Dex: 14    Spells: 1 memorised, 4 levels left

rFire  . . .     SeeInvis .     (no weapon)
rCold  . . .     Clarity  .     a - +0 robe
rNeg   . . .     SustAb   .     (no shield)
rPois  .         Gourm    .     (helmet restricted)
rElec  .         Spirit   .     d - +0 cloak
rCorr  .         Warding  .     n - +0 pair of gloves
rMut   .         Stasis   .     (boots unavailable)
MR     .....                    (no amulet)
Stlth  ++........               (no ring)
                                (no ring)

@: very slightly contaminated, not resistant to hostile enchantments, unstealthy
A: beak, talons 3
a: no special abilities


You were on level 2 of the Dungeon.
You were not hungry.

You visited 1 branch of the dungeon, and saw 2 of its levels.

You collected 53 gold pieces.

Inventory:

Armour
 a - a +0 robe (worn)
 d - a +0 cloak (worn)
   (You found it on level 1 of the Dungeon)
 n - a +0 pair of gloves (worn)
   (You found it on level 1 of the Dungeon)
Scrolls
 e - a scroll of recharging {unknown}
 l - a scroll of noise {unknown}
 o - a scroll of identify {unknown}
Potions
 g - a potion of might {unknown}
 h - a potion of cure mutation {unknown}
 i - a potion of curing {unknown}
 k - a potion of invisibility {unknown}
 m - a potion of agility {unknown}
Books
 b - a book of Air
Comestibles
 c - a bread ration
 j - a meat ration


   Skills:
 - Level 2.1 Dodging
 - Level 2.0 Stealth
 - Level 2.0 Spellcasting
 - Level 1.3 Conjurations
 + Level 5.0 Air Magic


You had 4 spell levels left.
You knew the following spells:

 Your Spells              Type           Power        Failure   Level  Hunger
a - Shock                 Conj/Air       ##..         8%          1    #......


Dungeon Overview and Level Annotations

Branches:
Dungeon (2/15)

Altars:


Innate Abilities, Weirdness & Mutations

You have a beak for a mouth.
You have claws for feet.


Message History

Wear which item? (? for menu, Esc to quit)
You start putting on your armour.
You continue putting on your pair of gloves. x2
All of the chunks of flesh in your inventory have rotted away.
You continue putting on your pair of gloves. x2
You finish putting on your +0 pair of gloves.
Wear which item? (? for menu, Esc to quit)
Okay, then.
A rat comes into view.
Aim: a rat (resting)
The zap hits the rat.
The rat moves out of view.
You now have 4/5 mp.
You start resting.
Total turns waited: 4
Aim: a rat (severely wounded)
The zap hits the rat.
You kill the rat!
You now have 3/5 mp.
You see here a rat corpse.
You butcher the rat corpse.
f - a chunk of flesh You start resting.
MP restored: 5; Total turns waited: 11 You now have 11 gold pieces.
You now have 28 gold pieces (gained 17).
A giant gecko comes into view.
Aim: a giant gecko (clinging, hasn't noticed you)
The zap hits the giant gecko. x2
You kill the giant gecko!
You now have 4/5 mp.
You start resting.
MP restored: 5; Total turns waited: 10 A ball python comes into view.
Aim: a ball python (resting)
The zap hits the ball python.
You kill the ball python!
Your Air Magic skill increases to level 5!
You now have 4/5 mp.
You start resting.
MP restored: 5; Total turns waited: 11 A rat comes into view.
Aim: a rat The zap misses the rat.
You now have 4/5 mp.
Aim: a rat The zap misses the rat.
You now have 3/5 mp.
Aim: a rat The zap hits the rat.
You kill the rat!
You now have 2/5 mp.
You start resting.
MP restored: 5; Total turns waited: 30
o - a scroll labeled BYERUM WUHUOTRO You see here 13 arrows.
All of the chunks of flesh in your inventory have rotted away.
You now have 42 gold pieces (gained 14).
You see here a dagger.
There is a staircase leading out of the dungeon here.
You now have 53 gold pieces (gained 11).
Done exploring.
(D) Dungeon
Where to? (? - help)
There is a stone staircase leading down here.
You climb downwards.
A hobgoblin comes into view.
There is a stone staircase leading up here.
Aim: a hobgoblin (resting)
The zap hits the hobgoblin.
The hobgoblin shouts!
You now have 4/5 mp.
Aim: a hobgoblin (heavily wounded)
The zap hits the hobgoblin.
You kill the hobgoblin!
You now have 3/5 mp.
You start resting.
MP restored: 5; Total turns waited: 20
There is a stone staircase leading down here.
A worm comes into view.
Aim: a worm (resting)
The zap hits the worm.
You now have 4/5 mp.
Aim: a worm (lightly wounded)
The zap misses the worm.
You now have 3/5 mp.
Aim: a worm (lightly wounded)
The zap hits the worm.
The worm bites you.
You take 6 damage, and have 9/15 hp.
MASSIVE DAMAGE!!
You now have 2/5 mp.
Aim: a worm (lightly wounded)
The zap hits the worm.
You now have 1/5 mp.
You are too depleted to cast spells recklessly!
Aim: a worm (moderately wounded)
You miscast Shock.
You are very lightly contaminated with residual magic.
Nothing appears to happen.
The worm bites you!
Ouch! That really hurt!
You die...

# #####
#.####...#####
####...$#.......##
........@...>....#
#####..w#........#
#...#.....<..#
#...####.....#
#... #...#.# ....
#.###.# ####. #.#
# ## #.# #.#


You could see a worm.

Vanquished Creatures
  2 giant geckos (D:1)
  A giant cockroach (D:1)
  A hobgoblin (D:2)
  A ball python (D:1)
  3 giant newts (D:1)
  2 goblins (D:1)
  5 rats (D:1)
15 creatures vanquished.

Notes
Turn   | Place    | Note
--------------------------------------------------------------
     0 | D:1      | Pikaro, the Tengu Air Elementalist, began the quest for the Orb.
     0 | D:1      | Reached XP level 1. HP: 10/10 MP: 3/3
   252 | D:1      | Reached XP level 2. HP: 15/15 MP: 1/5
   558 | D:1      | Reached skill level 5 in Air Magic
   880 | D:2      | Slain by a worm

Action                   || total
-------------------------++-------
Melee: Unarmed           ||     9
 Cast: Shock             ||    26

Vault maps used:
D:1:      dpeg_arrival_stonehenge_8_columns, bh_walls_and_bars
D:2:      bloody_makhleb, uniq_jessica

Table legend:
 A = Turns spent in this place as a percentage of turns spent in the entire game.
 B = Non-inter-level travel turns spent in this place as a percentage of non-inter-level travel turns spent in the entire game.
 C = Inter-level travel turns spent in this place as a percentage of turns spent in this place.
 D = Turns resting spent in this place as a percentage of non-inter-level travel turns spent in this place.
 E = Turns spent auto-exploring this place as a percentage of non-inter-level travel turns spent in this place.
 F = Non-inter-level travel turns spent in this place divided by the number of levels of this place that you've seen.
                   A       B       C       D       E      F
               +-------+-------+-------+-------+-------+----------------------
         Total | 100.0 | 100.0 |   0.7 |  22.3 |  18.7 |  69.5
       Dungeon | 100.0 | 100.0 |   0.7 |  22.3 |  18.7 |  69.5
               +-------+-------+-------+-------+-------+----------------------

Table legend:
 A = Kills in this place as a percentage of kills in entire the game.
 B = Kills by you in this place as a percentage of kills by you in the entire game.
 C = Kills by friends in this place as a percentage of kills by friends in the entire game.
 D = Other kills in this place as a percentage of other kills in the entire game.
 E = Experience gained in this place as a percentage of experience gained in the entire game.
 F = Experience gained in this place divided by the number of levels of this place that you have seen.
                   A       B       C       D       E      F
               +-------+-------+-------+-------+-------+----------------------
         Total | 100.0 | 100.0 |  -nan |  -nan | 100.0 |  11.0
       Dungeon | 100.0 | 100.0 |  -nan |  -nan | 100.0 |  11.0
               +-------+-------+-------+-------+-------+----------------------
